 Dungeon Crawl Stone Soup version 0.29-a0-330-g52719c12eb (webtiles) character file.

Game seed: 11356812885355626192

20490 Crownlay the Frost Mage (level 12, -1/91 HPs)
             Began as a Gnoll Ice Elementalist on Apr 30, 2022.
             Was a Believer of Uskayaw.
             Slain by an ice devil (16 damage)
             ... on level 2 of the Lair of Beasts.
             The game lasted 00:28:11 (15134 turns).

Crownlay the Frost Mage (Gnoll Ice Elementalist)   Turns: 15134, Time: 00:28:11

Health: -1/91      AC: 20    Str:  7    XL:     12   Next: 80%
Magic:  33/34      EV: 21    Int: 26    God:    Uskayaw [**....]
Gold:   703        SH:  5    Dex: 27    Spells: 14/29 levels left

rFire   . . .      SeeInvis .   D - +7 broad axe (flame)
rCold   . . .      Faith    .   (no shield)
rNeg    . . .      Spirit   .   E - +4 steam dragon scales
rPois   +          Reflect  +   l - +2 helmet
rElec   +          Harm     .   f - +0 cloak
rCorr   .          Rampage  .   G - +1 pair of gloves
Will    +....                   A - +1 pair of boots "Xoul" {rElec Int+4}
Stlth   +++++.....              e - amulet "Trusted Companion" {Reflect Will+ Dex+10 SH+5}
HPRegen 0.25/turn               u - ring "Ejyfyolu" {rElec rPois MP+9 Int+3 Dex+3}
MPRegen 0.24/turn               j - ring of wizardry

@: freezing walls
A: fangs 1, strong nose, distributed training
a: Renounce Religion, Stomp, Line Pass


You were on level 2 of the Lair of Beasts.
You worshipped Uskayaw.
Uskayaw was aware of your devotion.
You visited 3 branches of the dungeon, and saw 14 of its levels.
You also visited: Sewer.

You collected 703 gold pieces.

Inventory:

Hand Weapons
 D - a +7 broad axe of flaming (weapon)
Missiles
 d - a boomerang (quivered)
Armour
 f - a +0 cloak (worn)
 l - a +2 helmet (worn)
 r - a +2 robe of fire resistance
 A - the +1 pair of boots "Xoul" (worn) {rElec Int+4}
   (You found it on level 7 of the Dungeon)

   Int:       It affects your intelligence (+4).
   rElec:     It insulates you from electricity.
 E - +4 steam dragon scales (worn)
 G - a +1 pair of gloves (worn)
Jewellery
 e - the amulet "Trusted Companion" (around neck) {Reflect Will+ Dex+10 SH+5}
   (You found it on level 1 of the Lair of Beasts)

   [amulet of reflection]

   It reflects blocked missile attacks.
   Dex:       It affects your dexterity (+10).
   SH:        It affects your SH (+5).
   Will:      It increases your willpower.
 j - a ring of wizardry (right hand)
 n - a +4 ring of slaying
 u - the ring "Ejyfyolu" (left hand) {rElec rPois MP+9 Int+3 Dex+3}
   (You acquired it on level 4 of the Dungeon)

   [ring of magical power]

   Int:       It affects your intelligence (+3).
   Dex:       It affects your dexterity (+3).
   rElec:     It insulates you from electricity.
   rPois:     It protects you from poison.
   MP:        It affects your magic capacity (+9).
 v - the ring "Jaol" {rN+ Str+3}
   (You found it on level 1 of the Lair of Beasts)

   [ring of positive energy]

   Str:       It affects your strength (+3).
   rN:        It protects you from negative energy.
Wands
 c - a wand of acid (13)
 p - a wand of charming (5)
 C - a wand of flame (3)
 I - a wand of iceblast (13)
Scrolls
 a - 3 scrolls of teleportation
 m - 3 scrolls of brand weapon
 o - 5 scrolls of blinking
 t - a scroll of fear
 y - a scroll of holy word
 B - 2 scrolls of fog
 F - a scroll of silence
Potions
 b - 3 potions of magic
 g - 5 potions of ambrosia
 h - 2 potions of might {unknown}
 i - 7 potions of curing
 k - 3 potions of mutation {unknown}
 q - 6 potions of flight
 s - 3 potions of heal wounds
 w - a potion of brilliance
 x - 4 potions of haste
 z - a potion of invisibility {unknown}
 J - a potion of berserk rage {unknown}
 K - a potion of experience {unknown}


   Skills:
 + Level 7.6 Fighting
 + Level 7.6 Short Blades
 + Level 7.6 Long Blades
 + Level 7.6 Axes
 + Level 7.6 Maces & Flails
 + Level 7.6 Polearms
 + Level 7.6 Staves
 + Level 7.6 Slings
 + Level 7.6 Bows
 + Level 7.6 Crossbows
 + Level 7.6 Throwing
 + Level 7.6 Armour
 + Level 9.0 Dodging
 + Level 8.8 Stealth
 + Level 7.6 Shields
 + Level 7.6 Unarmed Combat
 + Level 9.2 Spellcasting
 + Level 6.3 Conjurations
 + Level 6.3 Hexes
 + Level 6.3 Summonings
 + Level 6.3 Necromancy
 + Level 6.3 Translocations
 + Level 6.3 Transmutations
 + Level 6.3 Fire Magic
 + Level 9.6 Ice Magic
 + Level 6.3 Air Magic
 + Level 6.3 Earth Magic
 + Level 6.3 Poison Magic
 + Level 8.3 Invocations
 + Level 7.6 Evocations


You had 14 spell levels left.
You knew the following spells:

 Your Spells              Type           Power      Damage    Failure   Level
a - Freeze                Ice            100%       1d11      1%          1
b - Frozen Ramparts       Ice            100%       1d12      1%          3
c - Ozocubu's Armour      Ice            58%        N/A       1%          3
d - Poisonous Vapours     Pois/Air       90%        N/A       1%          2
f - Starburst             Conj/Fire      22%        6d8       22%         6

Your spell library contained the following spells:

 Spells                   Type           Power      Damage    Failure   Level
 Sandblast                Erth           90%        2d19      1%          1
 Summon Small Mammal      Summ           100%       N/A       1%          1
 Corpse Rot               Necr/Air       90%        N/A       1%          2
 Passwall                 Tmut/Erth      37%        N/A       1%          2
 Call Canine Familiar     Summ           45%        N/A       1%          3
 Portal Projectile        Hex/Tloc       90%        N/A       1%          3
 Stone Arrow              Conj/Erth      90%        3d12      1%          3
 Summon Guardian Golem    Hex/Summ       45%        N/A       1%          3
 Hailstorm                Conj/Ice       52%        3d12      1%          4
 Leda's Liquefaction      Hex/Erth       22%        N/A       1%          4
 Fireball                 Conj/Fire      22%        3d10      4%          5
 Ignition                 Fire           22%        3d8       100%        8


Dungeon Overview and Level Annotations

Branches:
Dungeon (11/15)            Temple (1/1) D:4            Lair (2/6) D:11
    Orc (0/2) D:10          Sewer (visited)
  Swamp: Lair:2-4    Shoals: Lair:2-4     Snake: Lair:2-4    Spider: Lair:2-4

Altars:
Ashenzari
Cheibriados
Dithmenos
Elyvilon
Fedhas
Gozag
Hepliaklqana
Kikubaaqudgha
Makhleb
Nemelex Xobeh
Okawaru
Qazlal
Ru
Sif Muna
Trog
Uskayaw
Vehumet
Wu Jian
Xom
Yredelemnul
Zin
The Shining One

Shops:
D:1 :   D:3 [   D:7 (

Portals:
Ice
Cave: Lair:2


Innate Abilities, Weirdness & Mutations

You have very sharp teeth.
Your uncanny sense of smell can sniff out nearby items.
Your experience applies equally to all skills.


Message History

Aim: an ice devil (almost dead, 76% to hit)
The puff of flame hits the ice devil.
The ice devil is burned terribly!
You kill the ice devil!
The ice devil completely resists.
The wall freezes the ice devil but does no damage.
Aiming: Throw Flame
Press: ? - help, Shift-Dir - straight line, f - ice devil
Aim: an ice devil (76% to hit)
The puff of flame misses the ice devil.
The ice devil completely resists.
The wall freezes the ice devil but does no damage.
You block the ice devil's attack.
Aiming: Throw Flame
Press: ? - help, Shift-Dir - straight line, f/p - ice devil
Aim: an ice devil (76% to hit)
The puff of flame hits the ice devil but does no damage.
The ice devil completely resists.
The wall freezes the ice devil but does no damage.
The ice devil hits you!
* * * LOW HITPOINT WARNING * * *
The ice devil freezes you!
* * * LOW HITPOINT WARNING * * *
Okay, then.
You feel much better.
The ice devil completely resists.
The wall freezes the ice devil but does no damage.
The ice devil hits you but does no damage.
You closely miss the ice devil.
You bite the ice devil, but do no damage.
The ice devil completely resists.
The wall freezes the ice devil but does no damage.
The ice devil misses you.
You slice the ice devil!! You burn the ice devil.
The ice devil is severely wounded.
The ice devil completely resists.
The wall freezes the ice devil but does no damage.
The ice devil closely misses you.
The ice devil completely resists.
The wall freezes the ice devil but does no damage.
The ice devil hits you.
* * * LOW HITPOINT WARNING * * *
The ice devil freezes you!
You die...

#...## #.#.#
#.#.##########
##F#...##..∩..#
#..#...##.....# #..(..##
..... ##..>.# $$. .#
#.#..## #4# #..###
##.....# ##@## #?....#
###.#..### #...# ......#
#..#.FF..###+#'####.....#
###.P.F#.##?.....#.....#
#....###............#
#..P.##.#......#....# .
#..#............#.[.#....
##..#####................
#.# #............###.


You could see an ice devil.

Vanquished Creatures
  3 hydras
  2 two-headed ogres (D:11)
  Amaemon (Lair:1)
  Pikel (D:6)
  An orange demon (Lair:1)
  2 cane toads (Lair:1)
  Maggie (D:6)
  4 komodo dragons
  2 unseen horrors (D:10)
  An ice devil (Lair:2)
  A queen bee (Lair:2)
  2 trolls
  Grinder (D:6)
  Sigmund (D:2)
  A vampire (D:10)
  3 wraiths
  A basilisk (D:11)
  2 wyverns
  19 yaks
  2 steam dragons
  4 vampire mosquitoes (D:11)
  2 acid dragons
  12 water moccasins
  2 orc warriors (D:9)
  2 ice beasts (D:6)
  2 sky beasts
  4 black bears
  4 centaurs
  14 wolves
  2 lemures (D:6)
  A kobold brigand (D:8)
  5 bullfrogs
  2 necrophages
  3 scorpions
  5 wights (D:7)
  37 killer bees
  5 howler monkeys
  6 electric eels
  4 hounds
  4 jellies
  5 orc priests
  A gnoll shaman (D:5)
  Jessica (D:2)
  5 iguanas
  10 orc wizards
  9 gnolls
  15 adders
  5 river rats
  A shadow imp (D:6)
  A white imp (D:6)
  4 worms
  2 dart slugs (D:2)
  21 orcs
  A bat (D:1)
  3 endoplasms
  4 giant cockroaches
  3 goblins
  9 hobgoblins
  4 jackals (D:4)
  4 quokkas
  7 ball pythons
  6 frilled lizards
  12 kobolds
  14 rats
318 creatures vanquished.

Vanquished Creatures (collateral kills)
  A water moccasin (Lair:2)
1 creature vanquished.

Vanquished Creatures (others)
  15 fungi
  119 plants
134 creatures vanquished.

Grand Total: 453 creatures vanquished

Notes
Turn   | Place    | Note
-------+----------+-------------------------------------------
     0 | D:1      | Crownlay the Gnoll Ice Elementalist began the quest for the
                  | Orb.
     0 | D:1      | Reached XP level 1. HP: 13/13 MP: 6/6
   470 | D:1      | Found Paaret's Book Shoppe.
   548 | D:1      | Reached XP level 2. HP: 19/19 MP: 7/7
  1256 | D:2      | Noticed Sigmund
  1320 | D:2      | Noticed Jessica
  1327 | D:2      | Killed Jessica
  1328 | D:2      | Reached skill level 5 in Spellcasting
  1328 | D:2      | Reached skill level 1 in Invocations
  1328 | D:2      | Reached XP level 3. HP: 19/25 MP: 4/9
  1332 | D:2      | Learned a level 3 spell: Frozen Ramparts
  1336 | D:2      | Learned a level 3 spell: Ozocubu's Armour
  1418 | D:2      | Killed Sigmund
  1419 | D:2      | Reached skill level 1 in Fighting
  1419 | D:2      | Reached skill level 1 in Short Blades
  1419 | D:2      | Reached skill level 1 in Long Blades
  1419 | D:2      | Reached skill level 1 in Axes
  1419 | D:2      | Reached skill level 1 in Maces & Flails
  1419 | D:2      | Reached skill level 1 in Polearms
  1419 | D:2      | Reached skill level 1 in Staves
  1419 | D:2      | Reached skill level 1 in Slings
  1419 | D:2      | Reached skill level 1 in Bows
  1419 | D:2      | Reached skill level 1 in Crossbows
  1419 | D:2      | Reached skill level 1 in Throwing
  1419 | D:2      | Reached skill level 1 in Armour
  1419 | D:2      | Reached skill level 1 in Shields
  1419 | D:2      | Reached skill level 1 in Unarmed Combat
  1419 | D:2      | Reached skill level 1 in Conjurations
  1419 | D:2      | Reached skill level 1 in Hexes
  1419 | D:2      | Reached skill level 1 in Summonings
  1419 | D:2      | Reached skill level 1 in Necromancy
  1419 | D:2      | Reached skill level 1 in Translocations
  1419 | D:2      | Reached skill level 1 in Transmutations
  1419 | D:2      | Reached skill level 1 in Fire Magic
  1419 | D:2      | Reached skill level 1 in Air Magic
  1419 | D:2      | Reached skill level 1 in Earth Magic
  1419 | D:2      | Reached skill level 1 in Poison Magic
  1419 | D:2      | Reached skill level 1 in Evocations
  1419 | D:2      | Reached XP level 4. HP: 16/32 MP: 1/11
  1419 | D:2      | Reached XP level 5. HP: 19/37 MP: 1/12
  2042 | D:2      | Reached XP level 6. HP: 39/44 MP: 13/13
  2747 | D:3      | Learned a level 2 spell: Poisonous Vapours
  2838 | D:3      | Reached skill level 5 in Dodging
  2927 | D:3      | Found Huocrafa's Armour Boutique.
  3548 | D:4      | Found a glowing drain.
  3555 | Sewer    | Entered a sewer
  4133 | Sewer    | Identified a scroll of acquirement
  4170 | D:4      | Acquired the ring "Ejyfyolu" {rElec rPois MP+9 Int+3 Dex+3}
  4257 | D:4      | Found a staircase to the Ecumenical Temple.
  4263 | Temple   | Entered the Ecumenical Temple
  4820 | Temple   | Became a worshipper of Uskayaw the Reveller
  4916 | D:4      | Reached * piety under Uskayaw
  4917 | D:4      | Reached ** piety under Uskayaw
  4918 | D:4      | Reached XP level 7. HP: 44/50 MP: 15/15
  5235 | D:4      | Reached *** piety under Uskayaw
  5329 | D:4      | Reached skill level 5 in Stealth
  5817 | D:5      | Entered Level 5 of the Dungeon
  6154 | D:5      | Reached XP level 8. HP: 57/57 MP: 16/16
  6181 | D:5      | Reached **** piety under Uskayaw
  6184 | D:5      | Reached ***** piety under Uskayaw
  6952 | D:6      | Noticed Grinder
  6963 | D:6      | Killed Grinder
  7041 | D:6      | Reached XP level 9. HP: 52/65 MP: 18/18
  7265 | D:6      | Noticed Maggie
  7272 | D:6      | Killed Maggie
  7367 | D:6      | Noticed Pikel
  7382 | D:6      | Killed Pikel
  7754 | D:6      | Reached skill level 5 in Invocations
  8193 | D:7      | Found Qaannud's Antique Weapon Emporium.
  8354 | D:7      | Reached XP level 10. HP: 71/73 MP: 20/20
  8486 | D:7      | Learned a level 4 spell: Leda's Liquefaction
  8507 | D:7      | Reached skill level 5 in Fighting
  8507 | D:7      | Reached skill level 5 in Short Blades
  8507 | D:7      | Reached skill level 5 in Long Blades
  8507 | D:7      | Reached skill level 5 in Axes
  8507 | D:7      | Reached skill level 5 in Maces & Flails
  8507 | D:7      | Reached skill level 5 in Polearms
  8507 | D:7      | Reached skill level 5 in Staves
  8507 | D:7      | Reached skill level 5 in Slings
  8507 | D:7      | Reached skill level 5 in Bows
  8507 | D:7      | Reached skill level 5 in Crossbows
  8507 | D:7      | Reached skill level 5 in Throwing
  8507 | D:7      | Reached skill level 5 in Armour
  8507 | D:7      | Reached skill level 5 in Shields
  8507 | D:7      | Reached skill level 5 in Unarmed Combat
  8507 | D:7      | Reached skill level 5 in Evocations
  8763 | D:7      | Identified the +1 pair of boots "Xoul" {rElec Int+4}
 10333 | D:9      | Reached XP level 11. HP: 30/81 MP: 22/22
 10689 | D:10     | Entered Level 10 of the Dungeon
 11064 | D:10     | Found a staircase to the Orcish Mines.
 11071 | D:10     | Reached skill level 5 in Conjurations
 11071 | D:10     | Reached skill level 5 in Hexes
 11071 | D:10     | Reached skill level 5 in Summonings
 11071 | D:10     | Reached skill level 5 in Necromancy
 11071 | D:10     | Reached skill level 5 in Translocations
 11071 | D:10     | Reached skill level 5 in Transmutations
 11071 | D:10     | Reached skill level 5 in Fire Magic
 11071 | D:10     | Reached skill level 5 in Air Magic
 11071 | D:10     | Reached skill level 5 in Earth Magic
 11071 | D:10     | Reached skill level 5 in Poison Magic
 11776 | D:10     | Noticed an angel
 11777 | D:10     | Found a glowing silver altar of Zin.
 11846 | D:10     | Found an iron altar of Okawaru.
 12067 | D:11     | Found a staircase to the Lair.
 12105 | D:11     | Noticed a two-headed ogre
 12116 | D:11     | Killed a two-headed ogre
 12525 | D:11     | Noticed a five-headed hydra
 12543 | D:11     | Killed a three-headed hydra
 12702 | D:11     | Noticed a two-headed ogre
 12712 | D:11     | Killed a two-headed ogre
 12923 | Lair:1   | Entered Level 1 of the Lair of Beasts
 12930 | Lair:1   | Noticed a five-headed hydra
 12934 | Lair:1   | Noticed Amaemon
 12951 | D:11     | Killed a one-headed hydra
 12952 | D:11     | Reached XP level 12. HP: 14/89 MP: 24/24
 13316 | Lair:1   | Killed Amaemon
 14111 | Lair:1   | Identified the amulet "Trusted Companion" {Reflect Will+
                  | Dex+10 SH+5}
 14202 | Lair:1   | Noticed a six-headed hydra
 14210 | Lair:1   | Killed a four-headed hydra
 14382 | Lair:1   | Identified the ring "Jaol" {rN+ Str+3}
 14935 | Lair:2   | Reached ****** piety under Uskayaw
 15030 | Lair:2   | Learned a level 6 spell: Starburst
 15119 | Lair:2   | Found a frozen archway.
 15134 | Lair:2   | Slain by an ice devil

Illustrated notes

Levels and vault maps discovered:
D:1:      minmay_arrival_pointy, layout_loops_corners, serial_shops,
          nicolae_shop_trees
D:2:      minmay_angry_zag, layout_rooms, uniq_jessica, uniq_sigmund
D:3:      layout_basic, serial_shops, nicolae_shop_statue_plus
D:4:      layout_basic, minmay_temple_entry_overgrown, gup_sewer_entry_bubbles,
          kennysheep_cluttered_room, serial_park_tiny_1, dk_noncrumbling_4,
          minmay_quadrilaterals
D:5:      layout_rooms
D:6:      layout_gridville, uniq_grinder, uniq_maggie, uniq_pikel
D:7:      layout_loops_ring, serial_shops, shop
D:8:      layout_basic, amcnicky_mini_pool_small
D:9:      layout_basic, st_stairs_9
D:10:     layout_long_grid, okawaru_metal_pillars_1_2, zin_angel,
          corexii_checkpoint_b, kennysheep_generic_room_16
D:11:     layout_cave_pools, lair_entry_dummy, minmay_lizard_king
Temple:   mainiacjoe_temple_big_plus
Lair:1:   layout_cave_pods, serial_bayou, serial_bayou_lagoon_a,
          serial_bayou_lake_a, serial_bayou_crossing, serial_bayou_shore_a,
          serial_bayou_shore_b, infiniplex_staircase_pool_2, uniq_amaemon
Lair:2:   layout_loops_ring, spider_nest_entry_web_field, enter_volcano_4,
          portal_ice_cave_demonic_guard, special_room [special_room_bee],
          minivault_19, uniq_erica

Skill      XL: |  1  2  3  4  5  6  7  8  9 10 11 12 |
---------------+-------------------------------------+-----
Spellcasting   | 5 6 7 8 9 |  9.2
Invocations    | 1 2 3 4 5 6 7 8 |  8.3
Fighting       | 1 2 3 4 5 6 7 |  7.6
Short Blades   | 1 2 3 4 5 6 7 |  7.6
Long Blades    | 1 2 3 4 5 6 7 |  7.6
Axes           | 1 2 3 4 5 6 7 |  7.6
Maces & Flails | 1 2 3 4 5 6 7 |  7.6
Polearms       | 1 2 3 4 5 6 7 |  7.6
Staves         | 1 2 3 4 5 6 7 |  7.6
Slings         | 1 2 3 4 5 6 7 |  7.6
Bows           | 1 2 3 4 5 6 7 |  7.6
Crossbows      | 1 2 3 4 5 6 7 |  7.6
Throwing       | 1 2 3 4 5 6 7 |  7.6
Armour         | 1 2 3 4 5 6 7 |  7.6
Shields        | 1 2 3 4 5 6 7 |  7.6
Unarmed Combat | 1 2 3 4 5 6 7 |  7.6
Conjurations   | 1 2 3 4 5 6 |  6.3
Hexes          | 1 2 3 4 5 6 |  6.3
Summonings     | 1 2 3 4 5 6 |  6.3
Necromancy     | 1 2 3 4 5 6 |  6.3
Translocations | 1 2 3 4 5 6 |  6.3
Transmutations | 1 2 3 4 5 6 |  6.3
Fire Magic     | 1 2 3 4 5 6 |  6.3
Air Magic      | 1 2 3 4 5 6 |  6.3
Earth Magic    | 1 2 3 4 5 6 |  6.3
Poison Magic   | 1 2 3 4 5 6 |  6.3
Evocations     | 1 2 3 4 5 6 7 |  7.6
Dodging        | 5 6 7 8 9 |  9.0
Stealth        | 5 6 7 8 |  8.8
Ice Magic      | 8 9 |  9.6

Action                   |  1- 3 |  4- 6 |  7- 9 | 10-12 || total
-------------------------+-------+-------+-------+-------++-------
Melee: Mace              |    20 |    98 |       |       ||   118
       Unarmed           |     2 |       |       |       ||     2
       Bite              |     4 |    17 |    22 |    32 ||    75
       Punch             |     1 |     6 |     2 |    14 ||    23
       Morningstar       |       |    50 |     1 |       ||    51
       Halberd           |       |       |   119 |       ||   119
       Broad axe         |       |       |    73 |   359 ||   432
Throw: Boomerang         |       |       |       |    37 ||    37
 Cast: Freeze            |    10 |    21 |     3 |     8 ||    42
       Frozen Ramparts   |     2 |     6 |     9 |    22 ||    39
       Ozocubu's Armour  |     1 |     3 |     6 |    18 ||    28
       Poisonous Vapours |       |     1 |     4 |    23 ||    28
       Leda's Liquefacti |       |       |       |     1 ||     1
Evoke: Wand              |       |       |     1 |    16 ||    17
  Use: Scroll            |       |    11 |     9 |    15 ||    35
       Potion            |       |       |       |     1 ||     1
 Stab: Sleeping          |       |    11 |    10 |    20 ||    41
       Distracted        |       |       |     2 |       ||     2
       Paralysed         |       |       |    10 |    34 ||    44
Armor: Robe              |     9 |    54 |    51 |       ||   114
       Steam dragon scal |       |       |    65 |   197 ||   262
Dodge: Dodged            |    19 |   113 |   230 |   451 ||   813
Block: Other             |       |       |       |    23 ||    23

Table legend: (Time is in decaauts)
 A = Elapsed time spent in this place.
 B = Non-inter-level travel time spent in this place.
 C = Inter-level travel time spent in this place.
 D = Time resting spent in this place.
 E = Time spent auto-exploring this place.
 F = Levels seen in this place.
 G = Mean time per level.
                   A        B        C        D        E       F      G
               +--------+--------+--------+--------+--------+-----+--------+
         Total |  15549 |  14919 |    630 |      7 |  12030 |  15 | 1036.6 |
       Dungeon |  12254 |  11869 |    385 |      7 |   9717 |  11 | 1114.0 |
        Temple |    595 |    416 |    179 |      0 |    409 |   1 |  595.0 |
          Lair |   2017 |   1952 |     65 |      0 |   1402 |   2 | 1008.5 |
         Sewer |    682 |    682 |      0 |      0 |    501 |   1 |  682.0 |
               +--------+--------+--------+--------+--------+-----+--------+

Top non-repeatable levels by time:
  Lair:1: 1775 daAuts
     D:4: 1432 daAuts
     D:9: 1380 daAuts
     D:1: 1375 daAuts
    D:11: 1224 daAuts
     D:6: 1221 daAuts
     D:5: 1147 daAuts
    D:10: 1141 daAuts
     D:2: 1105 daAuts
     D:7: 829 daAuts
     D:3: 782 daAuts
   Sewer: 682 daAuts
     D:8: 613 daAuts
  Temple: 595 daAuts
  Lair:2: 241 daAuts
